 Dungeon Crawl Stone Soup version 0.21-a0-94-gdd6ab6a (webtiles) character file.

32 HAL9000 the Sneak (level 3, -1/16 HPs)
             Began as a Vine Stalker Enchanter on July 3, 2017.
             Slain by a gnoll
             ... wielding a +0 club
              (4 damage)
             ... on level 1 of the Dungeon.
             The game lasted 00:02:29 (1819 turns).

HAL9000 the Sneak (Vine Stalker Enchanter)          Turns: 1819, Time: 00:02:30

Health: -1/16      AC:  2    Str: 11    XL:     3   Next: 27%
Magic:  0/7        EV: 12    Int: 15    God:
Gold:   88         SH:  0    Dex: 14    Spells: 0/6 levels left

rFire    . . .     SeeInvis .   a - +1 dagger
rCold    . . .     Gourm    .   (no shield)
rNeg     . . .     Faith    +   b - +0 robe
rPois    .         Spirit   +   (no helmet)
rElec    .         Reflect  .   (no cloak)
rCorr    +         Harm     .   (no gloves)
MR       .....                  (no boots)
Stlth    ++........             g - amulet of faith
HPRegen  0.05/turn              m - ring of resist corrosion
MPRegen  0.10/turn              (no ring)

@: no status effects
A: fangs 2, magic shield, antimagic bite, no potion heal 3, rot immunity
a: no special abilities


You were on level 1 of the Dungeon.
You were not hungry.

You visited 1 branch of the dungeon, and saw 2 of its levels.

You collected 88 gold pieces.

Inventory:

Hand Weapons
 a - a +1 dagger (weapon)
Armour
 b - a +0 robe (worn)
Jewellery
 g - an amulet of faith (around neck)
 m - a ring of resist corrosion (left hand)
Scrolls
 i - 2 scrolls of fear {unknown}
 j - 3 scrolls of identify {unknown}
 l - a scroll of enchant weapon {unknown}
 n - a scroll of teleportation {unknown}
 p - a scroll of remove curse {unknown}
 t - a scroll of fog {unknown}
Potions
 h - 2 potions of curing {unknown}
 k - 3 potions of flight {unknown}
 r - a potion of berserk rage {unknown}
 s - a potion of agility {unknown}
Books
 c - a book of Maledictions

   Spells                             Type                      Level
   a - Corona                         Hexes                        1
   b - Ensorcelled Hibernation        Hexes/Ice                    2
   c - Confuse                        Hexes                        3
   d - Tukima's Dance                 Hexes                        3
   e - Dazzling Spray                 Conjuration/Hexes            3
Comestibles
 d - a bread ration
 q - a meat ration
 u - a royal jelly


   Skills:
 + Level 2.8 Short Blades
 - Level 1.5 Dodging
 - Level 3.6 Stealth
 - Level 2.1 Spellcasting
 + Level 3.0 Hexes


You couldn't memorise any spells.
You knew the following spells:

 Your Spells              Type           Power        Failure   Level  Hunger
a - Corona                Hex            ##.....      6%          1    #......
x - Confuse               Hex            ##......     19%         3    ###....
z - Ensorcelled Hibernat  Hex/Ice        #.....       19%         2    ###....


Dungeon Overview and Level Annotations

Branches:
Dungeon (2/15)

Altars:
Ashenzari


Innate Abilities, Weirdness & Mutations

You have extremely sharp teeth.
When hurt, damage is shared between your health and your magic reserves.
Your bite disrupts and absorbs the magic of your enemies.
Potions cannot restore your health.
You are immune to rotting.


Message History

Casting: Ensorcelled Hibernation
Confirm with . or Enter, or press ? or * to list all spells.
Aiming: Ensorcelled Hibernation
Press: ? - help, Shift-Dir - straight line, f/p - gnoll
Aim: a gnoll, wielding a club (chance to defeat MR: 47%)
Okay, then.
The gnoll hits you with a club!
* * * LOW HITPOINT WARNING * * *
You climb upwards.
There is a stone staircase leading down here.
Unknown command.
There is a stone staircase leading down here.
There is a stone staircase leading down here.
Casting: Ensorcelled Hibernation
Confirm with . or Enter, or press ? or * to list all spells.
Aiming: Ensorcelled Hibernation
Press: ? - help, Shift-Dir - straight line, f - gnoll
Aim: a gnoll, wielding a club (chance to defeat MR: 47%)
The gnoll resists with some effort.
The gnoll hits you with a club.
You die...

######### #.......#######
#.##..........########
###.##.##..##.#.##.....#
#......##.g##.#.##.###.#
#.#.#####.@##......# #.#
#.#.#####..####....###.#
#.#........####>.#.....#
####.########).>....#...###
#.......# #.....###.#.#.#
#.##.##.# #.....# #.....#
#.##.##.# #.....# ###.###
#.##..#.# #.....# #..#
#.###.#.# #.....### ##.#


You could see a gnoll.

Vanquished Creatures
  An ooze (D:1)
  2 worms
  2 giant cockroaches
  2 hobgoblins (D:1)
  A quokka (D:2)
  A ball python (D:2)
  3 bats (D:1)
  3 frilled lizards
  7 kobolds
  A rat (D:2)
23 creatures vanquished.

Notes
Turn   | Place    | Note
-------+----------+-------------------------------------------
     0 | D:1      | HAL9000 the Vine Stalker Enchanter began the quest for the Orb.
     0 | D:1      | Reached XP level 1. HP: 9/9 MP: 4/4
    18 | D:1      | Reached skill level 1 in Short Blades
   110 | D:1      | Found a shattered altar of Ashenzari.
   587 | D:1      | Reached XP level 2. HP: 8/13 MP: 4/6
  1483 | D:1      | Reached XP level 3. HP: 14/16 MP: 7/7
  1653 | D:2      | Learned a level 2 spell: Ensorcelled Hibernation
  1657 | D:2      | Learned a level 3 spell: Confuse
  1819 | D:1      | Slain by a gnoll

Vault maps used:
D:1:      kilobyte_arrival_exit_the_forest, nicolae_ashenzari_panopticon
D:2:      uniq_sigmund

Skill      XL: |  1  2 |
---------------+-------+-----
Short Blades   | 1 2 |  2.8
Dodging        | |  1.5
Stealth        | |  3.6
Spellcasting   | |  2.1
Hexes          | |  3.0

Action                   || total
-------------------------++-------
Melee: Dagger            ||   104
       Bite              ||    24
 Cast: Ensorcelled Hiber ||     2
 Stab: Sleeping          ||     3
  Eat: Chunk             ||     3
Armor: Robe              ||    12
Dodge: Dodged            ||    55
